Map: Thunderbird LE

Players

OGZest (Zest)

  • Race: Protoss Protoss
  • Spawn Location: 5:00

lIlIlIlIIlIl (Dear) - Winner!

  • Race: Protoss Protoss
  • League: Master
  • Spawn Location: 11:00

Event: 2019 Assembly Summer

VOD

Have the link to the VOD?

Description

Time

  • Played on: Aug. 3, 2019, 5:28 a.m.
  • Length: 8:34

All games in this series

Show
View Real Time Build Order
Export as new Build Order

OGZest Protoss 

Build Orders:  

Get SALT Encoding   

  12  0:00  Probe  
  13  0:12  Probe  
  14  0:18  Pylon  
  14  0:23  Probe  
  15  0:32  Probe  
  15  0:36  Gateway  
  15  0:40  Probe  
  16  0:46  Assimilator  
  17  0:51  Probe  
  17  0:54  Assimilator  
  18  1:00  Probe  
  19  1:07  Gateway  
  19  1:08  Probe  
  19  1:18  Probe  
  20  1:23  Cybernetics Core  
  21  1:30  Probe  
  22  1:33  Pylon  
  22  1:42  Probe  
  23  1:50  Warp Gate  
  23  1:54  Probe  
  23  2:00  Sentry, Stalker  
  28  2:06  Pylon  
  28  2:27  Sentry  
  30  2:34  Nexus  
  29  2:38  Sentry  
  29  2:41  Probe  
  32  2:53  Probe, Stalker  
  35  3:04  Stalker, Pylon  
  37  3:22  Shield Battery  
  37  3:23  Shield Battery  
  37  3:30  Robotics Facility  
  35  3:44  Sentry  
  35  3:45  Stalker  
  37  4:02  Shield Battery  
  37  4:09  Immortal  
  37  4:10  Stalker x2  
  41  4:22  Probe x2  
  47  4:35  Probe x2  
  49  4:52  Sentry  
  53  4:56  Adept, Pylon  
  53  5:02  Immortal  
  53  5:06  Pylon  
  53  5:08  Pylon  
  56  5:22  Gateway  
  56  5:24  Gateway  
  56  5:32  Warp Prism  
  56  5:36  Zealot x2  
  58  6:01  Adept  
  58  6:02  Adept  
  46  6:18  Shield Battery  
  48  6:20  Adept  
  48  6:21  Adept  
  48  6:22  Adept  
  48  6:23  Immortal  
  54  6:27  Adept  
  58  6:46  Adept x3  
  58  6:56  Observer  
  58  6:59  Probe x2  
  60  7:01  Sentry  
  63  7:17  Immortal  
  67  7:24  Adept x2  
  71  7:35  Adept x2  
  62  7:57  Adept x4  
Show
View Real Time Build Order
Export as new Build Order

lIlIlIlIIlIl Protoss - Winner!

Build Orders:  

Get SALT Encoding   

  12  0:00  Probe  
  13  0:12  Probe  
  14  0:17  Pylon  
  14  0:24  Probe  
  15  0:32  Probe  
  15  0:36  Gateway  
  15  0:40  Probe  
  16  0:45  Assimilator  
  17  0:51  Probe  
  17  0:54  Assimilator  
  18  0:59  Probe  
  19  1:07  Gateway, Probe  
  19  1:17  Probe  
  20  1:23  Cybernetics Core  
  21  1:29  Probe  
  21  1:32  Pylon  
  22  1:41  Probe  
  23  1:53  Probe  
  24  1:59  Stalker x2  
  24  2:00  Warp Gate  
  28  2:09  Pylon  
  28  2:30  Stalker x2  
  28  2:34  Robotics Facility  
  32  2:47  Gateway  
  32  3:00  Stalker x2  
  36  3:10  Pylon  
  36  3:11  Warp Prism  
  36  3:15  Shield Battery  
  37  3:39  Immortal  
  35  3:48  Robotics Bay  
  39  3:58  Pylon  
  39  4:00  Sentry  
  41  4:09  Gateway  
  41  4:17  Zealot, Sentry  
  41  4:24  Pylon  
  45  4:35  Disruptor  
  45  4:37  Zealot  
  50  4:50  Adept  
  52  4:56  Adept  
  52  4:59  Pylon  
  54  5:06  Zealot  
  56  5:10  Adept  
  58  5:19  Sentry  
  58  5:22  Adept  
  58  5:27  Adept  
  62  5:34  Adept  
  64  5:42  Pylon  
  64  5:49  Adept x2  
  56  6:05  Adept x2  
  56  6:09  Disruptor  
  55  6:38  Zealot x3, Sentry  
  63  7:01  Adept x4  
  71  7:21  Sentry, Adept x2  
  77  7:25  Pylon  
  71  7:45  Adept  
  71  7:46  Adept x3  
  67  8:06  Adept  
  67  8:07  Adept x2  
  65  8:14  Adept  
Tags
 
Add a new tag
Caveats
  • Supply blocks, unpowered buildings, or Contaminate may cause inaccurate times.
  • Supply counts are checked every 10 seconds.